 Dungeon Crawl Stone Soup version 0.30-a0-222-ge547ba4400 (webtiles) character file.

Game seed: 16499268025632078183

169479 freelancePsychic the Spry (level 17, -12/112 HPs)
             Began as a Deep Elf Berserker on Oct 8, 2022.
             Was a High Priest of Trog.
             Collided with a rock wall (15 damage)
             ... caused by a deep elf knight
             ... on level 1 of the Elven Halls.
             The game lasted 01:07:52 (30673 turns).

freelancePsychic the Spry (Deep Elf Berserker)     Turns: 30673, Time: 01:07:53

Health: -12/112    AC: 30    Str: 14    XL:     17   Next: 35%
Magic:  9/9        EV: 23    Int: 11    God:    Trog [*****.]
Gold:   1224       SH: 11    Dex: 26    Spells: 16/16 levels left

rFire   + . .      SeeInvis .    a - +2 scimitar (antimagic)
rCold   . . .      Faith    .    B - +0 buckler
rNeg    . . .      Spirit   .    W - +8 scale mail of the Spheres {Will+ Regen+ Int-4}
rPois   +          Reflect  +    V - +2 helmet
rElec   .          Harm     .    C - +2 cloak
rCorr   .          Rampage  .    T - +2 pair of gloves
Will    ++++.                    y - +2 pair of boots
Stlth   +.........               u - amulet of reflection
HPRegen 1.18/turn                U - ring "Hutwis" {*Corrode rPois rF+ Will++ MP+9}
MPRegen 0.11/turn                L - +6 ring of dexterity

@: no status effects
A: no striking features
a: Renounce Religion, Berserk, Trog's Hand, Brothers in Arms


You were on level 1 of the Elven Halls.
You worshipped Trog.
Trog was extremely pleased with you.
You visited 4 branches of the dungeon, and saw 23 of its levels.
You also visited: Ice Cave and Desolation.

You collected 2426 gold pieces.
You spent 1202 gold pieces at shops.

Inventory:

Hand Weapons
 a - a +2 antimagic scimitar (weapon)
 b - a +2 scimitar of freezing
Missiles
 i - a throwing net
 H - 3 silver boomerangs (quivered)
 I - 9 boomerangs
Armour
 y - a +2 pair of boots (worn)
 B - a +0 buckler (worn)
 C - a +2 cloak (worn)
 G - a +0 kite shield of reflection
 N - a +0 pair of gloves of hurling
 T - a +2 pair of gloves (worn)
 V - a +2 helmet (worn)
 W - the +8 scale mail of the Spheres (worn) {Will+ Regen+ Int-4}
   (You found it on level 12 of the Dungeon)

   Int:       It affects your intelligence (-4).
   Regen:     It increases your rate of health regeneration.
   Will:      It increases your willpower.
Jewellery
 d - a ring of ice
 p - a ring of flight
 u - an amulet of reflection (around neck)
 L - a +6 ring of dexterity (right hand)
 R - a ring of protection from fire
 U - the ring "Hutwis" (left hand) {*Corrode rPois rF+ Will++ MP+9}
   (You bought it in a shop on level 14 of the Dungeon)

   [ring of protection from fire]

   rF:        It protects you from fire.
   rPois:     It protects you from poison.
   MP:        It affects your magic capacity (+9).
   *Corrode:  It may corrode you when you take damage.
   Will:      It greatly increases your willpower.
 Z - the amulet of Metysazo {RegenMP rElec rC++ Int-3 Stlth+}
   (You took it off an imperial myrmidon in the Desolation of Salt)

   [amulet of magic regeneration]

   It increases your rate of magic regeneration.
   Int:       It affects your intelligence (-3).
   rC:        It greatly protects you from cold.
   rElec:     It insulates you from electricity.
   Stlth:     It makes you more stealthy.
Wands
 l - a wand of light (5)
 x - a wand of polymorph (16)
 z - a wand of roots (2)
 E - a wand of flame (35)
 J - a wand of mindburst (9)
 Y - a wand of charming (15)
Scrolls
 m - a scroll of brand weapon
 o - 2 scrolls of teleportation {@r4}
 r - 6 scrolls of fog
 v - 3 scrolls of identify {@r1}
 A - 4 scrolls of vulnerability
 F - 2 scrolls of fear
 M - 4 scrolls of blinking
 O - 3 scrolls of poison
 P - 3 scrolls of enchant weapon
 Q - a scroll of silence
 S - 2 scrolls of enchant armour
 X - a scroll of magic mapping
Potions
 c - 5 potions of resistance
 e - 3 potions of attraction
 f - 4 potions of lignification
 g - 3 potions of invisibility
 h - a potion of curing {@q1}
 k - a potion of berserk rage
 n - 3 potions of cancellation
 q - a potion of might
 s - 3 potions of mutation
 t - a potion of flight
 w - 3 potions of haste {@q3}
Miscellaneous
 j - a tin of tremorstones (inert)
 D - a lightning rod (4/4)
 K - a condenser vane


   Skills:
 + Level 14.9 Fighting
 - Level 14.0 Long Blades
 - Level 9.3 Armour
 + Level 19.2 Dodging
 - Level 3.3 Shields
 - Level 10.0 Evocations


You had 16 spell levels left.
You didn't know any spells.
Your spell library was empty.

Dungeon Overview and Level Annotations

Branches:
Dungeon (15/15)            Temple (0/1) D:6            Lair (5/5) D:11
 Shoals (0/4) Lair:3        Snake (0/4) Lair:2        Slime (0/5) Lair:4
    Orc (2/2) D:10            Elf (1/3) Orc:2        Vaults (0/5) D:14
 Depths (0/4) D:15          IceCv (visited)         Desolation (visited)

Altars:
Ashenzari
Elyvilon
Gozag
Makhleb
Okawaru
Trog
Vehumet
Yredelemnul
Jiyva

Shops:
D:6 *(   D:14 *   Orc:2 (?[:

Annotations:
D:12 3 runed translucent doors, KennySheep's ghost, journeyman DEHs
D:15 Rupert


Message History

The shard of ice hits you!
You completely miss something. Something hits you but does no damage.
You closely miss something.
You feel sick. Something hits you but does no damage.
You barely miss something.
You feel sick.
You are no longer poisoned.
You hear some strange, mumbled words.
A shard of ice appears from out of thin air!
The shard of ice reflects off an invisible shield around you!
Something hits you!
You closely miss something. Something hits you but does no damage.
You hit something but do no damage.
You hear some strange, mumbled words.
A lance of force appears from out of thin air!
The lance of force hits you!
You are knocked back by the lance of force.
You slam into the rock wall!
* * * LOW HITPOINT WARNING * * *
You slice something!! You miss something. Something closely misses you.
You completely miss something. Something hits you!!
* * * LOW HITPOINT WARNING * * *
You feel better. Something hits you!
* * * LOW HITPOINT WARNING * * *
Something hits you.
* * * LOW HITPOINT WARNING * * *
You feel better. You block something's attack.
You are no longer corroded.
Something hits you but does no damage. Something hits you!
* * * LOW HITPOINT WARNING * * *
Things that are here:
a +5 halberd of venom; a +0 long sword; a +0 scale mail You feel better.
You hear some strange, mumbled words.
A lance of force appears from out of thin air!
The lance of force hits you!!
* * * LOW HITPOINT WARNING * * *
You are knocked back by the lance of force.
You slam into the rock wall!
You die...

##.⌠.#####'#.....##.....##')....#
+##### ##.......###'###........
,,...#####.........##.# #........
,,.................##.# #........
**##.####........).##)# #........
*,,,,,,,#.....)...)##.# #........
*,,,,,,,#......).){##.# ###.....#
*,,,,,,,#........))##'####*##.###
,,,,8ee....#....@##'.)...# ***
*,,,,.ee#..#.#######.....##
*,,,,...#.##.# #.......#
*,,,,e.,#.##.# #.......#
****e##*#.##.# #.......#
,,,..,,,.....# ##.....##
,,e,,,,,,,,### #.....#
************ #######


There were no monsters in sight!

Vanquished Creatures
  A deep elf master archer (Elf:1)
  Donald (Orc:2)
  2 imperial myrmidons (Desolation)
  An orc warlord (Orc:2)
  2 deep elf annihilators (Elf:1)
  Nessos (Orc:2)
  A halazid warlock (Desolation)
  2 crystal guardians (Desolation)
  3 ragged hierophants
  3 peacekeepers (Desolation)
  Erolcha (Orc:1)
  6 servants of whispers (Desolation)
  7 hydras
  7 centaur warriors
  6 dancing weapons (Elf:1)
  4 two-headed ogres
  A boulder beetle (D:15)
  3 catoblepae (Lair:5)
  3 tengu warriors (D:15)
  6 death yaks (Lair:5)
  2 orc high priests
  3 deep elf knights (Elf:1)
  Nergalle (Lair:2)
  2 spark wasp zombies (D:15)
  7 skeletal warriors
  A flayed ghost (D:15)
  A bog body (IceCv)
  A harpy (shapeshifter) (D:13)
  A tengu zombie (D:15)
  A lindwurm (Lair:5)
  2 ironbound convokers (Desolation)
  14 deep elf pyromancers
  10 orc knights
  11 ugly things
  2 necromancers
  5 orc sorcerers
  10 deep elf zephyrmancers (Elf:1)
  12 cyclopes
  Maurice (D:11)
  8 manticores
  6 black mambas
  A guardian serpent (Desolation)
  A torpor snail (Lair:4)
  9 cane toads
  2 ice statues (IceCv)
  15 elephants
  A yaktaur (D:15)
  A rime drake (Lair:5)
  3 gargoyles
  Psyche (D:11)
  2 anaconda simulacra (IceCv)
  A freezing wraith (D:15)
  5 unseen horrors
  8 ice devils
  3 komodo dragons
  A polar bear (Lair:4)
  5 trolls
  44 saltlings
  3 blink frogs (Lair:5)
  2 hornets (D:11)
  12 slime creatures
  A dire elephant simulacrum (IceCv)
  A centaur simulacrum (D:15)
  A jumping spider (shapeshifter) (D:14)
  2 air elementals (Elf:1)
  3 shadows
  55 yaks
  5 basilisks
  2 wraiths
  An ettin skeleton (D:15)
  16 humans (D:14)
  A water elemental (Elf:1)
  6 wyverns
  3 steam dragons
  16 vampire mosquitoes
  2 death yak simulacra (IceCv)
  4 nagas (Lair:2)
  7 wargs
  4 acid dragons
  2 harpy simulacra (IceCv)
  5 hydra simulacra (IceCv)
  18 water moccasins
  28 orc warriors
  An ice beast (D:8)
  3 sky beasts (D:7)
  2 black bears
  7 ogres
  19 centaurs
  12 wolves
  A phantom (D:5)
  A kobold brigand (D:10)
  9 bullfrogs
  2 gnoll sergeants
  2 scorpions
  8 wights
  3 killer bees (D:7)
  An electric eel (D:14)
  4 howler monkeys
  6 hounds
  A gnoll bouda (D:5)
  2 jellies
  15 orc priests
  Ijyb (D:5)
  2 iguanas
  30 orc wizards
  A troll simulacrum (IceCv)
  A wolf simulacrum (IceCv)
  8 gnolls
  9 adders
  2 naga simulacra (IceCv)
  A shadow imp (D:7)
  2 white imps
  An ufetubus (D:4)
  A worm (D:2)
  A dart slug (D:3)
  71 orcs
  8 ball pythons
  7 bats
  5 endoplasms
  4 giant cockroaches
  3 goblins
  6 hobgoblins
  4 jackals (D:2)
  3 quokkas
  4 frilled lizards
  13 kobolds
  3 rats
755 creatures vanquished.

Vanquished Creatures (collateral kills)
  An imperial myrmidon (Desolation)
  An ironbound convoker (Desolation)
  4 saltlings (Desolation)
  2 orc warriors (Orc:2)
  An orc priest (Orc:2)
  2 orc wizards (Orc:2)
  7 orcs (Orc:2)
18 creatures vanquished.

Vanquished Creatures (others)
  A deep elf blademaster (Elf:1)
  A saltling (Elf:1)
  A water elemental (Elf:1)
  A centaur (D:13)
  An orc (D:9)
  3 bushes (D:11)
  21 fungi
  3 pillars of salt (Orc:2)
  43 plants
  7 withered plants (D:15)
82 creatures vanquished.

Grand Total: 855 creatures vanquished

Notes
Turn   | Place    | Note
-------+----------+-------------------------------------------
     0 | D:1      | freelancePsychic the Deep Elf Berserker began the quest for
                  | the Orb.
     0 | D:1      | Reached XP level 1. HP: 13/13 MP: 3/3
   236 | D:1      | Reached XP level 2. HP: 18/18 MP: 4/4
   319 | D:1      | Reached skill level 3 in Dodging
   515 | D:1      | Found a faded altar of an unknown god.
   673 | D:2      | Reached XP level 3. HP: 22/22 MP: 5/5
   762 | D:2      | Reached ** piety under Trog
   769 | D:2      | Reached XP level 4. HP: 27/27 MP: 6/6
  1139 | D:2      | Reached skill level 4 in Dodging
  1381 | D:3      | Found an opulent altar of Gozag.
  1586 | D:4      | Reached XP level 5. HP: 31/32 MP: 7/7
  1746 | D:4      | Noticed an ogre
  1760 | D:4      | Killed an ogre
  1761 | D:4      | Reached skill level 5 in Dodging
  1998 | D:4      | Reached XP level 6. HP: 37/37 MP: 8/8
  2266 | D:4      | Found a basalt altar of Yredelemnul.
  2480 | D:4      | Reached skill level 6 in Dodging
  3247 | D:3      | Reached *** piety under Trog
  3568 | D:5      | Entered Level 5 of the Dungeon
  3632 | D:5      | Reached XP level 7. HP: 33/42 MP: 9/9
  3938 | D:5      | Reached skill level 7 in Dodging
  3948 | D:5      | Reached skill level 5 in Long Blades
  3992 | D:5      | Noticed Ijyb
  4153 | D:5      | Killed Ijyb
  5375 | D:5      | Reached skill level 8 in Dodging
  5418 | D:5      | Reached XP level 8. HP: 33/48 MP: 10/10
  5704 | D:6      | Found Seomn's Gadget Gallery.
  6148 | D:6      | Found a staircase to the Ecumenical Temple.
  6167 | D:6      | Found a broken altar of Ashenzari.
  6167 | D:6      | Found a white marble altar of Elyvilon.
  6207 | D:6      | Reached skill level 9 in Dodging
  6366 | D:6      | Found Wazituid's Weapon Shop.
  6522 | D:6      | Reached skill level 5 in Fighting
  6529 | D:6      | Reached skill level 10 in Dodging
  7087 | D:7      | Reached XP level 9. HP: 54/54 MP: 11/11
  7110 | D:7      | Reached skill level 1 in Shields
  7262 | D:7      | Noticed a troll
  7475 | D:7      | Killed a troll
  7974 | D:7      | Found an iron altar of Okawaru.
  8250 | D:7      | Reached XP level 10. HP: 61/61 MP: 12/12
  9031 | D:8      | Reached **** piety under Trog
  9998 | D:9      | Noticed a deep elf pyromancer
 10016 | D:9      | Killed a deep elf pyromancer
 10017 | D:9      | Reached skill level 10 in Long Blades
 10094 | D:9      | Noticed a deep elf pyromancer
 10095 | D:9      | Noticed a cyclops
 10323 | D:9      | Noticed a two-headed ogre
 10611 | D:9      | Noticed a cyclops
 10616 | D:9      | Killed a cyclops
 10688 | D:9      | Noticed a centaur warrior
 10694 | D:9      | Killed a centaur warrior
 10695 | D:9      | Reached XP level 11. HP: 56/68 MP: 13/13
 10951 | D:10     | Entered Level 10 of the Dungeon
 11049 | D:10     | Found a staircase to the Orcish Mines.
 11392 | D:10     | Found a bloodstained altar of Trog.
 11745 | D:10     | Found a burning altar of Makhleb.
 11880 | D:11     | Noticed a green ugly thing
 11894 | D:11     | Killed a green ugly thing
 12277 | D:11     | You fall into a shaft and drop 3 floors!
 12280 | D:14     | Found a radiant altar of Vehumet.
 12362 | D:13     | a tarantella changed into a harpy
 12362 | D:13     | Noticed a harpy (shapeshifter)
 12376 | D:13     | Killed a harpy
 12442 | D:13     | Noticed a skeletal warrior
 12442 | D:13     | Noticed a skeletal warrior
 12475 | D:13     | Noticed a skeletal warrior
 12486 | D:14     | Noticed a centaur warrior
 12515 | D:14     | Killed a centaur warrior
 12576 | D:14     | Noticed a cyan ugly thing
 12648 | D:14     | Noticed a cyan ugly thing
 12648 | D:14     | Noticed a cyan ugly thing
 12648 | D:14     | Noticed a cyan ugly thing
 12658 | D:14     | Killed a brown ugly thing
 12668 | D:14     | Killed a brown ugly thing
 12671 | D:14     | Killed a cyan ugly thing
 12672 | D:14     | Reached XP level 12. HP: 76/76 MP: 14/14
 12864 | D:14     | Found Pohaw's Assorted Antiques.
 12867 | D:14     | Noticed a centaur warrior
 12880 | D:14     | Killed a centaur warrior
 12929 | D:14     | Bought a transparent pewter ring for 155 gold pieces
 12929 | D:14     | Identified the ring "Hutwis" {*Corrode rPois rF+ Will++
                  | MP+9} (You bought it in a shop on level 14 of the Dungeon)
 13220 | D:14     | Noticed Rupert
 13321 | D:14     | Noticed a centaur warrior
 13331 | D:14     | Killed a centaur warrior
 13625 | D:14     | Reached skill level 10 in Fighting
 13741 | D:14     | Reached skill level 1 in Evocations
 13876 | D:14     | Found a gate to the Vaults.
 14592 | D:13     | Noticed a centaur warrior
 14597 | D:13     | Killed a centaur warrior
 14692 | D:12     | Reached skill level 11 in Dodging
 14955 | D:11     | Noticed a two-headed ogre
 14999 | D:11     | Noticed Psyche
 15018 | D:11     | Killed Psyche
 15026 | D:11     | Killed a two-headed ogre
 15147 | D:11     | Found a staircase to the Lair.
 15397 | D:11     | Reached XP level 13. HP: 81/83 MP: 15/15
 15646 | D:11     | Noticed Maurice
 15676 | D:11     | Killed Maurice
 15677 | D:11     | Reached skill level 12 in Dodging
 16068 | D:6      | Bought a tin of tremorstones (2/2) for 480 gold pieces
 16283 | Lair:1   | Entered Level 1 of the Lair of Beasts
 16300 | Lair:1   | Found a frozen archway.
 16396 | IceCv    | Entered an ice cave
 16921 | IceCv    | Reached skill level 5 in Evocations
 17824 | IceCv    | Reached skill level 13 in Dodging
 19211 | Lair:2   | You fall into a shaft and drop 1 floor!
 19583 | Lair:2   | Reached skill level 14 in Dodging
 19744 | Lair:2   | Noticed Nergalle
 19763 | Lair:2   | Killed Nergalle
 20211 | Lair:2   | Found a staircase to the Snake Pit.
 20902 | Lair:3   | Reached XP level 14. HP: 79/90 MP: 16/16
 21018 | Lair:3   | Found a staircase to the Shoals.
 21072 | Lair:3   | Reached XP level 15. HP: 96/96 MP: 17/17
 21811 | Lair:4   | Found a runed translucent door.
 21873 | Lair:4   | Reached ***** piety under Trog
 21943 | Lair:4   | Found a viscous altar of Jiyva.
 21943 | Lair:4   | Found a staircase to the Slime Pits.
 22224 | Lair:5   | Entered Level 5 of the Lair of Beasts
 22626 | Lair:5   | Reached skill level 5 in Armour
 22920 | Lair:5   | Reached skill level 10 in Evocations
 24780 | D:12     | Received a gift from Trog
 25093 | D:12     | Identified the +8 scale mail of the Spheres {Will+ Regen+
                  | Int-4}
 25244 | D:12     | Found a runed translucent gate.
 25244 | D:12     | Found a runed translucent gate.
 25244 | D:12     | Found a runed translucent gate.
 25245 | D:12     | Noticed KennySheep's ghost (journeyman DEHs)
 25800 | D:15     | Entered Level 15 of the Dungeon
 25866 | D:15     | Reached skill level 15 in Dodging
 26036 | D:15     | Reached XP level 16. HP: 102/102 MP: 18/18
 26203 | D:15     | Found a staircase to the Depths.
 26922 | Orc:1    | Entered Level 1 of the Orcish Mines
 27006 | Orc:1    | Reached skill level 16 in Dodging
 27141 | Orc:1    | Noticed Erolcha
 27149 | Orc:1    | Killed Erolcha
 27380 | Orc:1    | Received a gift from Trog
 27447 | Orc:2    | Entered Level 2 of the Orcish Mines
 27553 | Orc:2    | Noticed Nessos
 27616 | Orc:2    | Killed Nessos
 27651 | Orc:2    | Noticed Donald
 27669 | Orc:2    | Killed Donald
 27702 | Orc:2    | Found a staircase to the Elven Halls.
 27941 | Orc:2    | Found Dac Nuib's Weapon Emporium.
 27961 | Orc:2    | Found Wutuzxih's Antique Armour Shop.
 27977 | Orc:2    | Received a gift from Trog
 28024 | Orc:2    | Found Uvu Fiaff's Magic Scroll Shop.
 28031 | Orc:2    | Bought 2 scrolls of blinking for 165 gold pieces
 28031 | Orc:2    | Bought a scroll of blinking for 82 gold pieces
 28031 | Orc:2    | Bought a scroll of fog for 44 gold pieces
 28031 | Orc:2    | Bought a scroll of poison for 44 gold pieces
 28035 | Orc:2    | Bought a pair of runed gloves for 232 gold pieces
 28302 | Orc:2    | Found Kuvas's Book Boutique.
 28310 | Orc:2    | Reached skill level 17 in Dodging
 28696 | Elf:1    | Entered Level 1 of the Elven Halls
 28726 | Elf:1    | Found a radiant altar of Vehumet.
 28817 | Elf:1    | Paralysed by an air elemental for 1 turns
 28875 | Elf:1    | Found a crumbling gateway.
 28896 | Desolati | Entered the Desolation of Salt
 29230 | Desolati | Reached skill level 18 in Dodging
 29362 | Desolati | Identified the +10 plate armour "Vioqyiw" {Stlth+}
 29363 | Desolati | Identified the +10 flail of the Neverending Lives {spect,
                  | rCorr}
 29371 | Desolati | Reached XP level 17. HP: 110/111 MP: 9/19
 29477 | Desolati | Identified the amulet of Metysazo {RegenMP rElec rC++ Int-3
                  | Stlth+}
 29618 | Desolati | Found the +5 lochaber axe {reach-cleave, poleaxe Drain}
 29625 | Desolati | Identified the +4 short sword of Darkness {drain, +Blink}
 30163 | Elf:1    | Noticed a deep elf master archer
 30163 | Elf:1    | Noticed a deep elf blademaster
 30177 | Elf:1    | Killed a deep elf blademaster
 30184 | Elf:1    | Killed a deep elf master archer
 30321 | Elf:1    | HP: 4/112 [poisoned by a +5 halberd of venom]
 30535 | Elf:1    | Reached skill level 19 in Dodging
 30558 | Elf:1    | Paralysed by an air elemental for 1 turns
 30563 | Elf:1    | Received a gift from Trog
 30673 | Elf:1    | HP: 3/112 [something/lance of force (19)]
 30673 | Elf:1    | Collided with a rock wall

Illustrated notes

Levels and vault maps discovered:
D:1:      lightli_arrival_flooded_house, layout_rooms,
          dilly_ecumenical_altar_fadedgnrine
D:2:      layout_rooms
D:3:      kennysheep_six_static_rooms, layout_loops_corners,
          mainiacjoe_overflow_brackets
D:4:      layout_gridville, mainiacjoe_overflow_concentric_impassable
D:5:      layout_loops_corners, uniq_ijyb
D:6:      layout_basic, gammafunk_temple_overflow_wave,
          minmay_temple_entry_enclosed_plants, serial_shops,
          nicolae_shop_bloodbath_and_beyond, nicolae_shop_gadgets
D:7:      minmay_inner_zag, layout_rooms, marbit_many_paths
D:8:      layout_layer_cave
D:9:      minmay_blocky_corners, layout_loops_cross
D:10:     layout_rooms, kennysheep_mini_moat, mainiacjoe_overflow_tiny_flanked,
          orc_david_3
D:11:     layout_gridville, minmay_lair_entry_grove, st_stairs_10,
          minmay_tree_intersection, kennysheep_opposing_triangles, uniq_maurice,
          uniq_psyche
D:12:     minmay_bubble_buster, layout_rooms, gammafunk_ghost_nasty_kobolds
D:13:     layout_basic, uniq_azrael
D:14:     layout_basic, david_vaults_3, serial_shops,
          nicolae_shop_advertising_works [nicolae_subvault_shop_adworks],
          serial_park_avenue1, amethyst_killhole, statue_in_the_mist_lemuel,
          vehumet_crystals
D:15:     gammafunk_depths_entry_grave, layout_loops_ring,
          nicolae_BIG_FREAKIN_CUBE
Lair:1:   layout_regular_city, portal_ice_cave_demonic_guard,
          grunt_megastairs_1, lemuel_fruit_fields, infiniplex_staircase_pool_2
Lair:2:   layout_roguey, minmay_snake_entry_guardpost_small, uniq_nergalle
Lair:3:   layout_chaotic_city, minmay_shoals_entry_centaurs,
          serial_bayou_crossing
Lair:4:   layout_gridlike, dpeg_slime_entry_enclosed, pf_torpor_hydra
Lair:5:   evilmike_catoblepas_cave, layout_regular_city, serial_bayou_shore_a
Orc:1:    layout_caves, mines5_lemuel, uniq_erolcha
Orc:2:    hellmonk_orc_salted, layout_caves, uniq_donald, uniq_nessos
Elf:1:    eino_elf_arrival_altar, layout_geoelf_octagon,
          portal_desolation_entry_nicolae_nacl, minivault_28,
          nicolae_elf_martial_mastery

Skill      XL: |  1  2  3  4  5  6  7  8  9 10 11 12 13 14 15 16 17 |
---------------+----------------------------------------------------+-----
Long Blades    | 3 4 5 6 8 10 13 14 | 14.0
Dodging        | 3 4 5 6 8 10 11 14 15 18 19 | 19.2
Fighting       | 3 4 5 6 7 9 10 11 12 14 | 14.9
Shields        | 3 |  3.3
Evocations     | 4 7 8 10 | 10.0
Armour         | 3 9 |  9.3

Action                   |  1- 3 |  4- 6 |  7- 9 | 10-12 | 13-15 | 16-18 || total
-------------------------+-------+-------+-------+-------+-------+-------++-------
Melee: Falchion          |    79 |   229 |   326 |       |       |       ||   634
       Punch             |     1 |     3 |     2 |       |       |       ||     6
       Scimitar          |       |       |    93 |   715 |  1170 |  1183 ||  3161
Throw: Throwing net      |       |     1 |       |       |       |       ||     1
       Boomerang         |       |       |       |       |       |     1 ||     1
Invok: Berserk           |     1 |     4 |    10 |    13 |     9 |     7 ||    44
       Trog's Hand       |       |     2 |     2 |    10 |     5 |     6 ||    25
       Brothers in Arms  |       |       |       |       |       |     3 ||     3
Evoke: Wand              |       |       |     2 |    10 |    23 |     6 ||    41
       Tin of tremorston |       |       |       |       |     5 |     6 ||    11
       Condenser vane    |       |       |       |       |     1 |     1 ||     2
  Use: Scroll            |       |     7 |     6 |    11 |    18 |     9 ||    51
       Potion            |       |       |     2 |     2 |     2 |    11 ||    17
 Stab: Sleeping          |     1 |       |       |       |       |       ||     1
       Invisible         |       |       |       |       |     2 |     8 ||    10
       Distracted        |       |       |       |       |       |     1 ||     1
Armor: Animal skin       |     6 |       |       |       |       |       ||     6
       Ring mail         |    22 |    79 |    85 |    34 |       |       ||   220
       Skin              |       |       |    14 |     1 |     3 |       ||    18
       Acid dragon scale |       |       |       |    98 |   234 |       ||   332
       Steam dragon scal |       |       |       |     8 |       |       ||     8
       Scale mail        |       |       |       |       |    59 |   252 ||   311
Dodge: Dodged            |    64 |   207 |   285 |   393 |   625 |   741 ||  2315
Block: Other             |       |     2 |    57 |       |       |       ||    59
       Buckler           |       |       |    74 |   339 |   483 |   551 ||  1447
       Reflection        |       |       |     3 |    26 |    14 |    14 ||    57

Table legend: (Time is in decaauts)
 A = Elapsed time spent in this place.
 B = Non-inter-level travel time spent in this place.
 C = Inter-level travel time spent in this place.
 D = Time resting spent in this place.
 E = Time spent auto-exploring this place.
 F = Levels seen in this place.
 G = Mean time per level.
                   A        B        C        D        E       F      G
               +--------+--------+--------+--------+--------+-----+--------+
         Total |  30378 |  29189 |   1189 |   4133 |  18740 |  25 | 1215.1 |
       Dungeon |  19063 |  18184 |    879 |   2869 |  11788 |  15 | 1270.9 |
          Lair |   6051 |   5822 |    229 |    288 |   4424 |   5 | 1210.2 |
  Orcish Mines |   1692 |   1612 |     80 |     86 |   1056 |   2 |  846.0 |
   Elven Halls |    834 |    834 |      0 |     88 |    322 |   1 |  834.0 |
      Ice Cave |   1760 |   1760 |      0 |    665 |    810 |   1 | 1760.0 |
    Desolation |    975 |    975 |      0 |    135 |    339 |   1 |  975.0 |
               +--------+--------+--------+--------+--------+-----+--------+

Top non-repeatable levels by time:
    D:14: 2050 daAuts
     D:6: 1978 daAuts
  Lair:5: 1876 daAuts
   IceCv: 1760 daAuts
     D:5: 1693 daAuts
     D:4: 1536 daAuts
    D:11: 1439 daAuts
     D:9: 1412 daAuts
    D:12: 1379 daAuts
  Lair:2: 1303 daAuts
     D:8: 1238 daAuts
   Orc:2: 1200 daAuts
     D:7: 1181 daAuts
  Lair:1: 1170 daAuts
     D:3: 1169 daAuts
